 Dungeon Crawl Stone Soup version 0.31-a0-1-g4198be8af4 (webtiles) character file.

Game seed: 11767668152644454122

2225 RePankoism the Ruffian (level 9, 0/89 HPs)
             Began as a Troll Fighter on Apr 30, 2023.
             Was a Believer of Cheibriados.
             Slain by an orc wizard
             ... wielding a +0 dagger
              (4 damage)
             ... on level 6 of the Dungeon.
             The game lasted 00:11:09 (3779 turns).

RePankoism the Ruffian (Troll Fighter)              Turns: 3779, Time: 00:11:10

Health: 0/89       AC:  2    Str: 34    XL:     9   Next: 13%
Magic:  8/8        EV: 10    Int:  8    God:    Cheibriados [**....]
Gold:   155        SH:  0    Dex: 13    Spells: 8/8 levels left

rFire   . .          .
                       - Unarmed
rCold   . . .        b - +0 kite shield
rNeg    . . .        a - +0 robe
rPois   .            (helmet restricted)
rElec   .            i - +1 cloak
rCorr   .            (gloves unavailable)
SInv    .            (boots unavailable)
Will    .....        (no amulet)
Stlth   +            (no ring)
HPRegen 1.14/turn    (no ring)
MPRegen 0.11/turn

%: no passive effects
@: confused, weakened, corroded, studying Dodging, very slow
A: large, unfitting armour, claws 3, regeneration 1, shaggy fur 1, tough skin 1
a: Renounce Religion, Bend Time


You were on level 6 of the Dungeon.
You worshipped Cheibriados.
Cheibriados was pleased with you.
You visited 1 branch of the dungeon, and saw 6 of its levels.

You collected 267 gold pieces.
You spent 112 gold pieces at shops.

Inventory:

Missiles
 o - 2 throwing nets
 p - 3 silver javelins (quivered)
Armour
 a - a +0 robe (worn)
 b - a +0 kite shield (worn)
 i - a +1 cloak (worn)
Jewellery
 e - a +6 ring of intelligence
Wands
 d - a wand of roots (8)
Scrolls
 c - 3 scrolls of blinking
 f - 6 scrolls of teleportation
 m - 2 scrolls of torment
 q - a scroll of noise {unknown}
 r - a scroll of magic mapping {unknown}
 s - 2 scrolls of amnesia {unknown}
 t - 2 scrolls of vulnerability {unknown}
 u - a scroll of silence {unknown}
 w - a scroll of enchant armour
Potions
 g - a potion of heal wounds
 h - 4 potions of mutation
 j - a potion of ambrosia
 k - a potion of invisibility
 l - a potion of brilliance
 n - 2 potions of curing
 v - a potion of might


   Skills:
 + Level 6.2 Fighting
 + Level 4.1 Dodging
 + Level 6.8 Shields
 + Level 7.1 Unarmed Combat


You had 8 spell levels left.
You didn't know any spells.
Your spell library contained the following spells:

 Spells                   Type           Power      Damage    Failure   Level
 Apportation              Tloc           0%         N/A       56%         1
 Freeze                   Ice            0%         1d3       56%         1
 Necrotise                Necr           0%         1d4       56%         1
 Summon Small Mammal      Summ           0%         N/A       56%         1
 Dazzling Flash           Conj/Hex       0%         N/A       91%         3
 Frozen Ramparts          Ice            0%         1d1       91%         3
 Hailstorm                Conj/Ice       0%         3d3       91%         3
 Volatile Blastmotes      Fire/Tloc      0%         2d10      91%         3
 Iskenderun's Mystic Bla  Conj/Tloc      0%         2d3       100%        4
 Starburst                Conj/Fire      0%         6d3       100%        6


Dungeon Overview and Level Annotations

Branches:
Dungeon (6/15)
 Temple: D:4-7

Altars:
Cheibriados
Makhleb
Qazlal

Shops:
D:5 *


Innate Abilities, Weirdness & Mutations

You are too large for most types of armour.
You have claws for hands.
Your natural rate of healing is unusually fast.
You are covered in fur. (AC +1)
You have tough skin. (AC +1)


Message History

You block the gnoll's attack. Something hits you.
The orc hits you but does no damage. Something hits you.
The orc throws a boomerang.
The boomerang misses you.
There are monsters nearby!
There are monsters nearby!
There are monsters nearby!
Something hits you.
The gnoll is no longer moving quickly.
The orc throws a boomerang.
The boomerang misses you.
The gnoll bouda gazes fiercely through you!
You feel your attacks grow feeble. Something hits you. Something hits you.
There are monsters nearby!
The ogre attacks as you move away!
The ogre hits you with a +0 giant spiked club!
Something hits you but does no damage.
The gnoll bouda barks out a call to the hunt!
The gnoll picks up the pace!
There are monsters nearby!
Something hits you.
The ogre hits you with a +0 giant spiked club!!
* * * LOW HITPOINT WARNING * * *
You hear some strange, mumbled words.
You are confused.
You are too confused!
Your attacks no longer feel as feeble.
The gnoll bouda gazes fiercely through you!
You feel your attacks grow feeble. The gnoll barely misses you.
Something hits you.
* * * LOW HITPOINT WARNING * * *
The orc throws a boomerang.
The boomerang hits you.
* * * LOW HITPOINT WARNING * * *
There is an open door here.
You bump into the rock wall.
The ogre hits you with a +0 giant spiked club!
* * * LOW HITPOINT WARNING * * *
Something hits you.
* * * LOW HITPOINT WARNING * * *
Something hits you.
You die...

#######)##############
#......# #......#
#...o..# #...o..#
#......# #.go...#
#O.g...# ##@##### #.#
#.# #.# #.# #.# #.#
#..


You could see an ogre, a gnoll bouda, an orc priest, an orc wizard, a gnoll
(swift) and an orc.

Vanquished Creatures
  Pikel (D:5)
  Sigmund (D:2)
  Menkaure (D:5)
  A water moccasin (D:3)
  3 black bears
  An ogre (D:6)
  A phantom (D:3)
  A scorpion (D:4)
  7 howler monkeys
  An orc priest (D:5)
  8 hounds (D:6)
  A jelly (D:6)
  Crazy Yiuf (D:2)
  An iron imp (D:3)
  2 iguanas
  4 orc wizards (D:5)
  2 gnolls (D:6)
  4 adders
  2 worms
  4 dart slugs
  12 orcs
  2 ball pythons
  5 endoplasms
  A giant cockroach (D:2)
  4 goblins
  9 hobgoblins
  2 jackals (D:3)
  10 kobolds
  3 quokkas
  3 bats (D:1)
  A frilled lizard (D:1)
  9 rats
108 creatures vanquished.

Vanquished Creatures (others)
  2 plants (D:6)
2 creatures vanquished.

Grand Total: 110 creatures vanquished

Notes
Turn   | Place    | Note
-------+----------+-------------------------------------------
     0 | D:1      | RePankoism the Troll Fighter began the quest for the Orb.
     0 | D:1      | Reached XP level 1. HP: 22/22 MP: 0/0
   128 | D:1      | Reached XP level 2. HP: 29/29 MP: 1/1
   523 | D:2      | Found a runed translucent door.
   524 | D:2      | Noticed Crazy Yiuf
   682 | D:2      | Reached XP level 3. HP: 36/36 MP: 2/2
   740 | D:2      | Reached XP level 4. HP: 45/45 MP: 3/3
   751 | D:2      | Reached skill level 3 in Unarmed Combat
   857 | D:2      | Noticed a black bear
   858 | D:2      | Noticed Sigmund
   870 | D:2      | Killed a black bear
   871 | D:2      | Reached XP level 5. HP: 48/53 MP: 4/4
   931 | D:2      | Killed Sigmund
   932 | D:2      | Reached skill level 4 in Unarmed Combat
   932 | D:2      | Reached XP level 6. HP: 56/62 MP: 5/5
  1091 | D:2      | Killed Crazy Yiuf
  1228 | D:3      | Noticed a water moccasin
  1239 | D:3      | Killed a water moccasin
  1240 | D:3      | Reached XP level 7. HP: 70/70 MP: 6/6
  1742 | D:3      | Found a snail-covered altar of Cheibriados.
  1753 | D:3      | Became a worshipper of Cheibriados the Contemplative
  2185 | D:4      | Reached skill level 5 in Shields
  2185 | D:4      | Reached skill level 5 in Unarmed Combat
  2436 | D:5      | Entered Level 5 of the Dungeon
  2457 | D:5      | Noticed Pikel
  2468 | D:5      | Killed Pikel
  2469 | D:5      | Reached skill level 5 in Fighting
  2469 | D:5      | Reached XP level 8. HP: 42/80 MP: 7/7
  2544 | D:5      | Reached skill level 6 in Unarmed Combat
  2677 | D:5      | Found a stormy altar of Qazlal.
  3173 | D:5      | Noticed Menkaure
  3183 | D:5      | Killed Menkaure
  3278 | D:5      | Reached * piety under Cheibriados
  3369 | D:5      | Found Kadadd's General Store.
  3372 | D:5      | Bought a scroll of enchant armour for 112 gold pieces
  3498 | D:6      | Identified a scroll of acquirement
  3498 | D:6      | Acquired a manual of Dodging
  3540 | D:6      | Found a burning altar of Makhleb.
  3660 | D:6      | Reached XP level 9. HP: 78/89 MP: 8/8
  3683 | D:6      | Reached skill level 7 in Unarmed Combat
  3691 | D:6      | Reached ** piety under Cheibriados
  3778 | D:6      | HP: 4/89 [something (3)]
  3779 | D:6      | Slain by an orc wizard

Illustrated notes

Levels and vault maps discovered:
D:1:      eino_arrival_cavern_e, layout_rooms
D:2:      layout_basic, uniq_sigmund, uniq_crazy_yiuf_cottage
D:3:      layout_rooms, slow_altar_1, serial_aquarium, aquarium_bridge_straight
          [aquarium_subvault_bridge, aquarium_subvault_window,
          aquarium_subvault_bridge, aquarium_subvault_window],
          aquarium_bridge_square [aquarium_subvault_bridge,
          aquarium_subvault_wall, aquarium_subvault_window,
          aquarium_subvault_bridge], aquarium_window_corner,
          aquarium_window_corner, aquarium_window_1, aquarium_view_2e
D:4:      layout_basic, serial_corexii_hall, corexii_hall_statues_t,
          corexii_hall_statues_i, corexii_hall_statues_s,
          chequers_hall_statues_wall_a, grunt_decor_one_mirror
D:5:      layout_basic, nicolae_qazlal_eye_of_the_storm, serial_shops,
          kennysheep_mini_moat, uniq_pikel, uniq_menkaure
D:6:      lemuel_castle_with_subvaults [lemuel_castle_interior_carwin_1],
          layout_basic, mainiacjoe_overflow_six_doors_small, uniq_duvessa

Skill      XL: |  1  2  3  4  5  6  7  8  9 |
---------------+----------------------------+-----
Shields        | 3 4 5 6 |  6.8
Fighting       | 3 4 5 6 |  6.2
Unarmed Combat | 3 4 5 6 7 |  7.1
Dodging        | 3 4 |  4.1

Action                     |  1- 3 |  4- 6 |  7- 9 || total
---------------------------+-------+-------+-------++-------
  Melee: Unarmed           |    75 |    48 |   190 ||   313
    Use: Potion            |       |     2 |       ||     2
         Scroll            |       |       |     8 ||     8
   Stab: Sleeping          |       |     1 |       ||     1
 Armour: Robe              |    25 |    15 |    55 ||    95
  Dodge: Dodged            |    21 |    24 |    68 ||   113
  Block: Kite shield       |    30 |    26 |    89 ||   145

Table legend: (Time is in decaauts)
 A = Elapsed time spent in this place.
 B = Non-inter-level travel time spent in this place.
 C = Inter-level travel time spent in this place.
 D = Time resting spent in this place.
 E = Time spent auto-exploring this place.
 F = Levels seen in this place.
 G = Mean time per level.
                   A        B        C        D        E       F      G
               +--------+--------+--------+--------+--------+-----+--------+
         Total |   4327 |   4167 |    160 |      0 |   3394 |   6 |  721.2 |
       Dungeon |   4327 |   4167 |    160 |      0 |   3394 |   6 |  721.2 |
               +--------+--------+--------+--------+--------+-----+--------+

Top non-repeatable levels by time:
     D:5: 1343 daAuts
     D:4: 802 daAuts
     D:2: 718 daAuts
     D:3: 632 daAuts
     D:1: 473 daAuts
     D:6: 357 daAuts
